AoeStats
← 17_Neo_

Arabia

506624420Analyzed
1v1 RM · 19d ago on Sep 14, 2026· 25m 58s· 2 players
Game mode
Random Map
Map size
Tiny (2 player)
Population
200
Speed
Normal
Resources
Standard
Victory
Conquest
Starting age
Dark Age
Ending age
Imperial Age
RankedLock teamsTeams togetherTeam positionsShared explorationLock speedFull tech treeHidden civsTurbo modeCheats
Victory
Defeat
🇨🇴 Maya · Colombia
1652
+14
🇨🇳 Maya · China
1614
-14
菜鸟的噩梦
0:26 Loom
8:59 Feudal Age
9:34 Double-Bit Axe
10:48 Double-Bit Axe
13:17 Fletching
14:51 Horse Collar
16:06 Padded Archer Armor
16:23 Scale Mail Armor
17:04 Town Watch
25:33 Castle Age
25:02 Arson
25:43 Scale Mail Armor
17_Neo_
0:27 Loom
9:37 Feudal Age
10:29 Double-Bit Axe
12:28 Fletching
14:10 Padded Archer Armor
22:10 Castle Age
21:34 Horse Collar
21:45 Gold Mining
22:57 Bodkin Arrow
23:20 Thumb Ring
23:16 Crossbowman
26:18 Ballistics
26:48 Leather Archer Armor
Connection lost

Rejoining the realm…

Still unreachable

The connection could not be restored.

Session expired

The server has moved on; the page needs a fresh start.